 Dungeon Crawl Stone Soup version 0.31-a0-339-gda1cbd555d (webtiles) character file.

Game seed: 6217780117415277661

907 lunkers the Martial Artist (level 8, -9/59 HPs)
             Began as a Meteoran Shapeshifter on July 21, 2023.
             Was an Initiate of Gozag.
             Mangled by Menkaure (20 damage)
             ... on level 5 of the Dungeon.
             The game lasted 00:03:43 (1567 turns).

lunkers the Martial Artist (Meteoran Shapeshifter)  Turns: 1567, Time: 00:03:44

Health: -9/59      AC:  5    Str: 16    XL:     8   Next: 55%
Magic:  9/9        EV: 16    Int: 11    God:    Gozag
Gold:   624        SH:  0    Dex: 16    Spells: 7/7 levels left

rFire   . .          .
                       - Unarmed
rCold   . . .        (no shield)
rNeg    . . .        h - +0 ring mail
rPois   .            (helmet currently unavailable)
rElec   .            (cloak currently unavailable)
rCorr   .            (gloves currently unavailable)
SInv    .            (boots currently unavailable)
Will    +....        (no amulet)
Stlth   +            e - +5 ring of evasion
HPRegen 0.29/turn    (no ring)
MPRegen 0.11/turn

%: no passive effects
@: beast-form, glowing
A: beast (slay +2), sense surroundings 1, otherworldly, glowing, explore regen
a: Begin Untransformation, Renounce Religion, Potion Petition, Call Merchant,
Bribe Branch


You were on level 5 of the Dungeon.
You worshipped Gozag.
Gozag was pleased with you.
You were a hulking beast.
You visited 1 branch of the dungeon, and saw 6 of its levels.

You collected 624 gold pieces.

Inventory:

Armour
 a - a +0 animal skin
 h - a +0 ring mail (worn)
 k - a +0 helmet
 l - a +0 buckler
 r - a +0 pair of gloves
Jewellery
 e - a +5 ring of evasion (left hand)
Talismans
 c - a beast talisman
Wands
 u - a wand of flame (25)
Scrolls
 d - 3 scrolls of identify {unknown}
 i - 4 scrolls of teleportation {unknown}
 j - a scroll of butterflies {unknown}
 m - a scroll of fog {unknown}
 o - a scroll of brand weapon {unknown}
 q - a scroll of noise {unknown}
 s - a scroll of enchant weapon {unknown}
 v - a scroll of revelation {unknown}
Potions
 b - a potion of degeneration {unknown}
 f - 2 potions of haste {unknown}
 g - a potion of resistance {unknown}
 n - a potion of magic {unknown}
 p - a potion of might {unknown}
 t - a potion of enlightenment {unknown}


   Skills:
 - Level 1.1 Fighting
 - Level 2.4 Dodging
 + Level 11.2 Unarmed Combat
 - Level 3.6 Shapeshifting


You had 7 spell levels left.
You didn't know any spells.
Your spell library contained the following spells:

 Spells                   Type           Power      Damage    Failure   Level
 Sting                    Tmut/Pois      0%         1d3       56%         1
 Poisonous Vapours        Pois/Air       0%         N/A       71%         2
 Olgreb's Toxic Radiance  Pois           0%         N/A       100%        4


Dungeon Overview and Level Annotations

Branches:
Dungeon (6/15) Zot: 2065
 Temple: D:4-7

Altars:
Gozag

Annotations:
D:5 Menkaure


Innate Abilities, Weirdness & Mutations

You are a hulking beast.
Your limbs bulge with bestial killing power. (Slay +2)
You passively map a small area around you.
You are easily found by Zot.
You glow in the dark.
You regain HP and MP as you explore.


Message History

The scorpion is severely wounded.
You feel very sick. The adder closely misses you.
The scorpion completely misses you.
Unknown command.
You punch the scorpion!
You kill the scorpion!
You feel very sick. The adder closely misses you.
Unknown command.
You closely miss the adder.
You feel sick. The adder bites you but does no damage.
You hit the adder.
The adder is heavily wounded.
You feel sick. The adder bites you but does no damage.
The adder closely misses you.
You punch the adder!
You kill the adder!
You feel sick.
You feel sick.
You now have 617 gold pieces (gained 5).
You feel sick.
You feel sick.
You now have 624 gold pieces (gained 7).
You feel sick.
Menkaure, Prince of Dust comes into view.
You feel sick.
You feel sick.
Okay, then.
You barely miss Menkaure. You punch Menkaure.
Menkaure is lightly damaged.
Menkaure casts a spell at you. You resist with significant effort.
You punch Menkaure! Your punch misses Menkaure.
Menkaure is severely damaged.
You feel sick.
You are no longer poisoned.
Menkaure giggles, "These cerements are ticklish..."
Menkaure hits you!!
You die...
Your body crumbles into a pile of gold.

#
#..#,##.....###.#
#.# #..# *##...##
#.# #.# #..#.
#..## *#.# #.# *
#..#.###.### ...
*, , ...........#
.... , *
#........#.#.#...
*** ,
$,.........#......
,, *
##.#.###.....## .
#..Mh........ *
#####........
#........
#########


You could see Menkaure.

Vanquished Creatures
  Grinder (D:3)
  An ogre (D:5)
  2 scorpions
  4 hounds
  An orc priest (D:4)
  A sleepcap (D:5)
  Terence (D:3)
  2 orc wizards
  2 iguanas (D:5)
  Robin (D:2)
  6 gnolls
  7 adders
  A dart slug (D:1)
  6 orcs
  5 ball pythons
  3 giant cockroaches
  12 goblins
  3 hobgoblins (D:2)
  A kobold (D:3)
  5 quokkas
  3 bats
  2 frilled lizards
  6 rats
76 creatures vanquished.

Vanquished Creatures (others)
  An orc wizard (D:6)
1 creature vanquished.

Grand Total: 77 creatures vanquished

Notes
Turn   | Place    | Note
-------+----------+-------------------------------------------
     0 | D:1      | lunkers the Meteoran Shapeshifter began the quest for the
                  | Orb.
     0 | D:1      | Reached XP level 1. HP: 16/16 MP: 2/2
   102 | D:1      | Found a faded altar of an unknown god.
   113 | D:1      | Prayed at the altar of an unknown god.
   113 | D:1      | Became a worshipper of Gozag Ym Sagoz the Greedy
   239 | D:1      | Reached skill level 4 in Unarmed Combat
   275 | D:1      | Reached XP level 2. HP: 23/23 MP: 3/3
   326 | D:2      | Reached XP level 3. HP: 19/28 MP: 4/4
   338 | D:2      | Reached skill level 5 in Unarmed Combat
   380 | D:2      | Reached XP level 4. HP: 35/35 MP: 5/5
   519 | D:2      | Noticed Robin
   555 | D:2      | Killed Robin
   556 | D:2      | Reached skill level 6 in Unarmed Combat
   758 | D:3      | Noticed Terence
   762 | D:3      | Killed Terence
   763 | D:3      | Reached XP level 5. HP: 40/40 MP: 6/6
   905 | D:3      | Reached skill level 7 in Unarmed Combat
   905 | D:3      | Reached XP level 6. HP: 20/47 MP: 7/7
   908 | D:3      | Noticed Grinder
   915 | D:3      | Paralysed by Grinder for 5 turns
   942 | D:3      | Killed Grinder
   943 | D:3      | Reached skill level 8 in Unarmed Combat
   943 | D:3      | Reached XP level 7. HP: 41/52 MP: 8/8
  1091 | D:3      | Reached skill level 9 in Unarmed Combat
  1276 | D:4      | You fall into a shaft and drop 2 floors!
  1333 | D:6      | Reached skill level 10 in Unarmed Combat
  1333 | D:6      | Reached XP level 8. HP: 51/59 MP: 9/9
  1421 | D:5      | Entered Level 5 of the Dungeon
  1506 | D:5      | Reached skill level 11 in Unarmed Combat
  1564 | D:5      | Noticed Menkaure
  1567 | D:5      | Mangled by Menkaure

Illustrated notes

Levels and vault maps discovered:
D:1:      lightli_arrival_farm, layout_basic, ebering_ecumenical_altar_rust
D:2:      layout_rooms, minmay_liquid_box, uniq_robin
D:3:      layout_loops_ring, kennysheep_generic_room_14, uniq_grinder,
          uniq_terence
D:4:      layout_rooms, chequers_serial_rivers_room_a
D:5:      layout_loops_ring, gammafunk_ghost_icy, serial_shops, shop,
          hex_medium, minmay_misc_feat_alley, saegor_snake_ambush, uniq_menkaure
D:6:      layout_loops_cross, temple_pool_b, serial_shops,
          nicolae_shop_behind_doors

Skill      XL: |  1  2  3  4  5  6  7  8 |
---------------+-------------------------+-----
Unarmed Combat | 4 5 6 7 8 10 11 | 11.2
Fighting       | |  1.1
Dodging        | |  2.4
Shapeshifting  | |  3.6

Action                     |  1- 3 |  4- 6 |  7- 9 || total
---------------------------+-------+-------+-------++-------
  Melee: Unarmed           |    31 |    96 |   108 ||   235
         Punch             |       |     7 |     6 ||    13
    Use: Potion            |       |     1 |       ||     1
   Stab: Distracted        |       |     1 |     1 ||     2
 Armour: Animal skin       |     5 |       |       ||     5
         Ring mail         |     4 |    19 |    24 ||    47
         Skin              |       |     8 |       ||     8
  Dodge: Dodged            |    16 |    47 |    48 ||   111

Table legend: (Time is in decaauts)
 A = Elapsed time spent in this place.
 B = Non-inter-level travel time spent in this place.
 C = Inter-level travel time spent in this place.
 D = Time resting spent in this place.
 E = Time spent auto-exploring this place.
 F = Levels seen in this place.
 G = Mean time per level.
                   A        B        C        D        E       F      G
               +--------+--------+--------+--------+--------+-----+--------+
         Total |   1533 |   1527 |      6 |      0 |    892 |   6 |  255.5 |
       Dungeon |   1533 |   1527 |      6 |      0 |    892 |   6 |  255.5 |
               +--------+--------+--------+--------+--------+-----+--------+

Top non-repeatable levels by time:
     D:3: 421 daAuts
     D:2: 368 daAuts
     D:1: 315 daAuts
     D:4: 147 daAuts
     D:6: 140 daAuts
     D:5: 139 daAuts
